BlackHawks vs Sharks

Created - February 21 2010 at 15:12

Goals
1 2 3 T
BlackHawks 3 1 0 4
Sharks 1 0 1 2
Shots
1 2 3 T
BlackHawks 12 3 12 27
Sharks 7 9 7 23

Period #1

1. Sharks , Kamil Kreps 16 (Alex Tanguay, Marek Zidlicky) at 6:58
2. BlackHawks , Petr Sykora 12 (Patrick Sharp, Karlis Skrastins) at 8:42
3. BlackHawks , Patrick Sharp 25 (Petr Sykora, Karlis Skrastins) at 13:33
4. BlackHawks , Petr Sykora 13 (Antti Miettinen, Karlis Skrastins) at 13:46

Penalties :
David Clarkson (SJS) for Fighting (Major) at 5:38, Chris Drury (CHI) for Fighting (Major) at 5:38, Josh Gorges (SJS) for Fighting (Major) at 6:48, Ethan Moreau (CHI) for Fighting (Major) at 6:48, Kurt Sauer (CHI) for Holding (Minor) at 9:00, Robert Scuderi (CHI) for Hooking (Minor) at 19:46

Period #2

5. BlackHawks , Petr Sykora 14 (Patrick Sharp, Tim Gleason) at 3:42

Penalties :
Marc-Andre Bergeron (SJS) for Goalie Interference (Minor) at 5:48, Kurt Sauer (CHI) for Hooking (Minor) at 7:55, Kurt Sauer (CHI) for Boarding (Minor) at 10:09, Tim Gleason (CHI) for Hooking (Minor) at 13:33

Period #3

6. Sharks , Marek Zidlicky 18 (Jeremy Colliton, Mark Stuart) at 4:58 (PP)

Penalties :
Travis Moen (CHI) for Holding (Minor) at 3:25, Mark Giordano (SJS) for Roughing (Minor) at 5:14, Patrick Sharp (CHI) for Goalie Interference (Minor) at 15:40, Jeremy Colliton (SJS) for Hooking (Minor) at 17:52, Blair Betts (CHI) for Roughing (Minor) at 17:52

Goalie Stats

Cristobal Huet (CHI), 21 saves from 23 shots - (0.913), W, 5-6-0, 60:00 minutes
Miikka Kiprusoff (SJS), 9 saves from 13 shots - (0.692), L, 27-25-8, 23:42 minutes
Josh Harding (SJS), 14 saves from 14 shots - (1.000), 36:18 minutes

Players Stats

BlackHawks
Player Name              G  A  P  +/- PIM S  H  SB FO    MP 
------------------------------------------------------------
Adam Foote               0  0  0   0  0   1  2  1  0/0   22 
Antti Miettinen          0  1  1   2  0   0  3  0  0/2   17 
Blair Betts              0  0  0   0  2   0  1  0  6/9   11 
Chris Drury              0  0  0   0  5   4  0  0  12/17 15 
Ethan Moreau             0  0  0   1  5   2  1  0  1/2   12 
Josh Bailey              0  0  0   0  0   2  0  1  0/0   8  
Karlis Skrastins         0  3  3   3  0   1  0  1  0/0   21 
Kris Draper              0  0  0   0  0   0  2  0  8/17  14 
Kurt Sauer               0  0  0   0  6   1  4  0  0/0   14 
Patrick Kane             0  0  0   0  0   2  1  0  3/4   17 
Patrick Sharp            1  2  3   3  2   3  2  0  11/33 20 
Paul Kariya              0  0  0   0  0   4  1  0  1/2   16 
Petr Sykora              3  1  4   3  0   4  0  0  0/0   13 
Robert Scuderi           0  0  0   0  2   1  0  1  0/0   18 
Sami Salo                0  0  0   0  0   1  0  0  0/0   22 
Tim Gleason              0  1  1   3  2   0  2  0  0/0   20 
Travis Moen              0  0  0   0  2   0  3  0  1/1   8  
Wayne Primeau            0  0  0   0  0   1  0  0  0/2   14 
Sharks
Player Name              G  A  P  +/- PIM S  H  SB FO    MP 
------------------------------------------------------------
Alex Tanguay             0  1  1   0  0   4  0  0  2/2   13 
Brendan Bell             0  0  0  -2  0   0  0  0  3/7   17 
Chris Higgins            0  0  0   1  0   1  0  0  3/5   15 
David Clarkson           0  0  0  -2  5   1  5  0  1/2   21 
David Moss               0  0  0  -1  0   3  1  1  2/2   22 
Drew Miller              0  0  0  -2  0   0  0  0  3/8   22 
Ed Jovanovski            0  0  0  -1  0   3  3  0  0/0   22 
Eric Brewer              0  0  0  -2  0   0  1  3  0/0   23 
Jere Lehtinen            0  0  0   0  0   0  0  0  0/0   2  
Jeremy Colliton          0  1  1  -1  2   0  5  1  6/16  21 
Jeremy Roenick           0  0  0  -3  0   2  0  0  2/2   21 
Josh Gorges              0  0  0  -1  5   0  0  0  0/0   9  
Kamil Kreps              1  0  1   0  0   1  0  0  17/30 19 
Marc-Andre Bergeron      0  0  0   0  2   3  1  1  0/0   14 
Marcel Goc               0  0  0   0  0   0  1  1  7/15  9  
Marek Zidlicky           1  1  2   0  0   5  1  0  0/0   18 
Mark Giordano            0  0  0  -1  2   0  0  0  0/0   9  
Mark Stuart              0  1  1   0  0   0  3  0  0/0   18 

3 Stars

1 - Petr Sykora (CHI)
2 - Patrick Sharp (CHI)
3 - Karlis Skrastins (CHI)

Power Play

BlackHawks - 0 on 2 Attempt(s) - 0.00%
Sharks - 1 on 7 Attempt(s) - 14.29%

Penalty Kill

BlackHawks - 6 on 7 Attempt(s) - 85.71% - Score 0 goal in Penalty Kill
Sharks - 2 on 2 Attempt(s) - 100.00% - Score 0 goal in Penalty Kill

Game Notes

David Clarkson beats up Chris Drury at 5:38 of 1st period
Josh Gorges and Ethan Moreau fight to a draw at 6:48 of 1st period
Petr Sykora has scored a Hat Trick!
Josh Harding enters game at 3:42 of 2nd period
Marcel Goc is injured at 5:43 of 2nd period (Bruised Right Shoulder)
The goal is going for a video replay. The goal is refused.

Finance

Level 1 -- Attendance: 4463 (68.66%) -- Ticket Income $446,300.00
Level 2 -- Attendance: 3547 (70.94%) -- Ticket Income $212,820.00
Level 3 -- Attendance: 2716 (77.60%) -- Ticket Income $95,060.00
Level 4 -- Attendance: 1496 (100.00%) -- Ticket Income $29,920.00
Luxury Box -- Attendance: 841 (84.10%) -- Ticket Income $168,200.00
Game was played at the HP Pavilion center
Total Attendance: 13063 (74.66%)
Total Ticket Income: $972,082.50
Other Income: $132,171.00
Total Income: $1,104,253.00


Play by Play

Period #1

0:01 of 1st period - Chris Drury wins face-off versus Marcel Goc in neutral zone.
0:08 of 1st period - Shot by Chris Drury.
0:08 of 1st period - Stopped by Miikka Kiprusoff without a rebound.
0:09 of 1st period - Patrick Sharp wins face-off versus Drew Miller in Sharks zone.
0:47 of 1st period - Antti Miettinen is hit by Mark Stuart and loses puck.
1:02 of 1st period - Patrick Sharp is hit by Jeremy Colliton and loses puck.
1:35 of 1st period - Shot by Jeremy Roenick.
1:35 of 1st period - Shot Misses the Net.
1:47 of 1st period - Ed Jovanovski is hit by Antti Miettinen and loses puck.
2:21 of 1st period - Shot by Paul Kariya.
2:21 of 1st period - Stopped by Miikka Kiprusoff without a rebound.
2:22 of 1st period - Kris Draper wins face-off versus Kamil Kreps in Sharks zone.
2:25 of 1st period - Shot by Ethan Moreau.
2:25 of 1st period - Stopped by Miikka Kiprusoff without a rebound.
2:26 of 1st period - Marcel Goc wins face-off versus Kris Draper in Sharks zone.
2:31 of 1st period - Robert Scuderi is hit by Marcel Goc and loses puck.
2:43 of 1st period - Shot by Kurt Sauer.
2:43 of 1st period - Shot Blocked by David Moss.
3:22 of 1st period - Shot by Marek Zidlicky.
3:22 of 1st period - Stopped by Cristobal Huet without a rebound.
3:23 of 1st period - Kamil Kreps wins face-off versus Chris Drury in BlackHawks zone.
3:46 of 1st period - Icing by Josh Gorges.
3:47 of 1st period - Blair Betts wins face-off versus David Clarkson in Sharks zone.
4:07 of 1st period - Icing by Travis Moen.
4:08 of 1st period - Blair Betts wins face-off versus Drew Miller in BlackHawks zone.
4:08 of 1st period - Blair Betts is hit by Jeremy Colliton.
4:54 of 1st period - Patrick Sharp is hit by Jeremy Colliton and loses puck.
5:13 of 1st period - Shot by Kris Draper.
5:13 of 1st period - Shot Misses the Net.
5:15 of 1st period - Shot by Robert Scuderi.
5:15 of 1st period - Shot Misses the Net.
5:19 of 1st period - Shot by Kris Draper.
5:19 of 1st period - Shot Misses the Net.
5:21 of 1st period - Shot by Robert Scuderi.
5:21 of 1st period - Shot Misses the Net.
5:23 of 1st period - Shot by Wayne Primeau.
5:23 of 1st period - Shot Misses the Net.
5:25 of 1st period - Shot by Robert Scuderi.
5:25 of 1st period - Stopped by Miikka Kiprusoff without a rebound.
5:26 of 1st period - Chris Drury wins face-off versus Marcel Goc in Sharks zone.
5:38 of 1st period - David Clarkson beats up Chris Drury.
5:38 of 1st period - Penalty to David Clarkson for Fighting.
5:38 of 1st period - Penalty to Chris Drury for Fighting.
5:39 of 1st period - Marcel Goc wins face-off versus Kris Draper in neutral zone.
5:41 of 1st period - Off-side.
5:42 of 1st period - Kris Draper wins face-off versus Marcel Goc in neutral zone.
5:50 of 1st period - Shot by Alex Tanguay.
5:50 of 1st period - Stopped by Cristobal Huet without a rebound.
5:51 of 1st period - Patrick Sharp wins face-off versus Marcel Goc in BlackHawks zone.
5:58 of 1st period - Alex Tanguay is hit by Patrick Sharp and loses puck.
6:40 of 1st period - Chris Higgins is hit by Kurt Sauer and loses puck.
6:48 of 1st period - Josh Gorges and Ethan Moreau fight to a draw.
6:48 of 1st period - Penalty to Josh Gorges for Fighting.
6:48 of 1st period - Penalty to Ethan Moreau for Fighting.
6:49 of 1st period - Alex Tanguay wins face-off versus Patrick Sharp in neutral zone.
6:54 of 1st period - Shot by Alex Tanguay.
6:54 of 1st period - Shot Misses the Net.
6:56 of 1st period - Shot by Kamil Kreps.
6:56 of 1st period - Shot Misses the Net.
6:58 of 1st period - Shot by Kamil Kreps.
6:58 of 1st period - Goal by Kamil Kreps - BlackHawks : 0 - Sharks : 1.
6:59 of 1st period - Paul Kariya wins face-off versus Kamil Kreps in neutral zone.
7:13 of 1st period - Shot by Jere Lehtinen.
7:13 of 1st period - Deflect By Chris Higgins.
7:13 of 1st period - Stopped by Cristobal Huet without a rebound.
7:14 of 1st period - Kris Draper wins face-off versus Marcel Goc in BlackHawks zone.
7:21 of 1st period - Shot by Patrick Kane.
7:21 of 1st period - Shot Misses the Net.
7:24 of 1st period - Icing by Marcel Goc.
7:25 of 1st period - Blair Betts wins face-off versus Marcel Goc in Sharks zone.
7:28 of 1st period - Shot by Josh Bailey.
7:28 of 1st period - Shot Blocked by Marc-Andre Bergeron.
8:25 of 1st period - Antti Miettinen is hit by Marek Zidlicky and loses puck.
8:42 of 1st period - Shot by Petr Sykora.
8:42 of 1st period - Goal by Petr Sykora - BlackHawks : 1 - Sharks : 1.
8:43 of 1st period - Jeremy Colliton wins face-off versus Kris Draper in neutral zone.
8:43 of 1st period - Jeremy Colliton is hit by Kris Draper.
9:00 of 1st period - Minor Penalty to Kurt Sauer for Holding.
9:01 of 1st period - Patrick Kane wins face-off versus Marcel Goc in BlackHawks zone.
9:01 of 1st period - Patrick Kane is hit by Jeremy Colliton.
9:08 of 1st period - Icing by Chris Higgins.
9:09 of 1st period - Marcel Goc wins face-off versus Paul Kariya in Sharks zone.
9:30 of 1st period - Shot by Ed Jovanovski.
9:30 of 1st period - Stopped by Cristobal Huet without a rebound.
9:31 of 1st period - Patrick Sharp wins face-off versus Kamil Kreps in BlackHawks zone.
10:18 of 1st period - Shot by Ed Jovanovski.
10:18 of 1st period - Stopped by Cristobal Huet without a rebound.
10:19 of 1st period - Patrick Sharp wins face-off versus Kamil Kreps in BlackHawks zone.
10:41 of 1st period - Icing by Chris Higgins.
10:42 of 1st period - Kamil Kreps wins face-off versus Patrick Sharp in Sharks zone.
11:17 of 1st period - Shot by Kris Draper.
11:17 of 1st period - Deflect By Chris Drury.
11:17 of 1st period - Shot Blocked by Eric Brewer.
11:19 of 1st period - Shot by Kurt Sauer.
11:19 of 1st period - Stopped by Miikka Kiprusoff without a rebound.
11:20 of 1st period - Brendan Bell wins face-off versus Wayne Primeau in Sharks zone.
13:33 of 1st period - Shot by Patrick Sharp.
13:33 of 1st period - Goal by Patrick Sharp - BlackHawks : 2 - Sharks : 1.
13:34 of 1st period - Patrick Sharp wins face-off versus Kamil Kreps in neutral zone.
13:34 of 1st period - Patrick Sharp is hit by David Clarkson.
13:38 of 1st period - Shot by Antti Miettinen.
13:38 of 1st period - Deflect By Petr Sykora.
13:38 of 1st period - Stopped by Miikka Kiprusoff without a rebound.
13:39 of 1st period - Patrick Sharp wins face-off versus Drew Miller in Sharks zone.
13:46 of 1st period - Shot by Petr Sykora.
13:46 of 1st period - Goal by Petr Sykora - BlackHawks : 3 - Sharks : 1.
13:47 of 1st period - Blair Betts wins face-off versus Jeremy Colliton in neutral zone.
14:02 of 1st period - Shot by Josh Bailey.
14:02 of 1st period - Stopped by Miikka Kiprusoff without a rebound.
14:03 of 1st period - Marcel Goc wins face-off versus Patrick Sharp in Sharks zone.
14:07 of 1st period - Icing by Brendan Bell.
14:08 of 1st period - Patrick Sharp wins face-off versus Marcel Goc in Sharks zone.
15:08 of 1st period - Shot by David Moss.
15:08 of 1st period - Shot Misses the Net.
15:12 of 1st period - Shot by David Clarkson.
15:12 of 1st period - Stopped by Cristobal Huet without a rebound.
15:13 of 1st period - Kamil Kreps wins face-off versus Kris Draper in BlackHawks zone.
17:03 of 1st period - Shot by Patrick Kane.
17:03 of 1st period - Shot Misses the Net.
17:05 of 1st period - Shot by Patrick Kane.
17:05 of 1st period - Stopped by Miikka Kiprusoff without a rebound.
17:06 of 1st period - Marcel Goc wins face-off versus Blair Betts in Sharks zone.
17:56 of 1st period - Shot by Ethan Moreau.
17:56 of 1st period - Stopped by Miikka Kiprusoff without a rebound.
17:57 of 1st period - Alex Tanguay wins face-off versus Patrick Sharp in Sharks zone.
18:46 of 1st period - Icing by Antti Miettinen.
18:47 of 1st period - Brendan Bell wins face-off versus Patrick Sharp in BlackHawks zone.
18:48 of 1st period - Shot by David Moss.
18:48 of 1st period - Shot Misses the Net.
18:58 of 1st period - Tim Gleason is hit by David Clarkson and loses puck.
19:20 of 1st period - Robert Scuderi is hit by David Clarkson and loses puck.
19:44 of 1st period - Alex Tanguay is hit by Kurt Sauer and loses puck.
19:46 of 1st period - Minor Penalty to Robert Scuderi for Hooking.
19:47 of 1st period - Kamil Kreps wins face-off versus Chris Drury in BlackHawks zone.

Period #2

0:01 of 2nd period - Chris Drury wins face-off versus Drew Miller in neutral zone.
0:36 of 2nd period - Shot by Drew Miller.
0:36 of 2nd period - Deflect By Marcel Goc.
0:36 of 2nd period - Shot Blocked by Adam Foote.
0:38 of 2nd period - Shot by Drew Miller.
0:38 of 2nd period - Shot Misses the Net.
0:40 of 2nd period - Shot by Eric Brewer.
0:40 of 2nd period - Shot Misses the Net.
1:11 of 2nd period - Shot by David Moss.
1:11 of 2nd period - Stopped by Cristobal Huet without a rebound.
1:12 of 2nd period - Marcel Goc wins face-off versus Patrick Sharp in BlackHawks zone.
1:32 of 2nd period - Shot by Marek Zidlicky.
1:32 of 2nd period - Stopped by Cristobal Huet with a rebound.
1:34 of 2nd period - Shot by Marek Zidlicky.
1:34 of 2nd period - Shot Misses the Net.
1:38 of 2nd period - Shot by David Moss.
1:38 of 2nd period - Shot Misses the Net.
1:40 of 2nd period - Shot by Marek Zidlicky.
1:40 of 2nd period - Shot Misses the Net.
1:47 of 2nd period - Icing by Karlis Skrastins.
1:48 of 2nd period - Kris Draper wins face-off versus Jeremy Colliton in BlackHawks zone.
2:12 of 2nd period - Shot by Ethan Moreau.
2:12 of 2nd period - Shot Misses the Net.
2:17 of 2nd period - Kris Draper is hit by Ed Jovanovski and loses puck.
2:20 of 2nd period - Shot by Wayne Primeau.
2:20 of 2nd period - Shot Misses the Net.
2:41 of 2nd period - Travis Moen is hit by Eric Brewer and loses puck.
2:52 of 2nd period - Shot by Travis Moen.
2:52 of 2nd period - Shot Blocked by Jeremy Colliton.
3:20 of 2nd period - Eric Brewer is hit by Blair Betts and loses puck.
3:42 of 2nd period - Shot by Petr Sykora.
3:42 of 2nd period - Goal by Petr Sykora - BlackHawks : 4 - Sharks : 1.
3:42 of 2nd period - Josh Harding enters game.
3:43 of 2nd period - Marcel Goc wins face-off versus Kris Draper in neutral zone.
3:43 of 2nd period - Marcel Goc is hit by Ethan Moreau.
4:33 of 2nd period - Wayne Primeau is hit by David Moss and loses puck.
5:43 of 2nd period - Shot by Petr Sykora.
5:43 of 2nd period - Shot Blocked by Marcel Goc.
5:43 of 2nd period - Marcel Goc from Sharks is injured at 5:43 of 2nd period (Bruised Right Shoulder).
5:44 of 2nd period - Chris Drury wins face-off versus Brendan Bell in Sharks zone.
5:46 of 2nd period - Patrick Kane is hit by Marc-Andre Bergeron and loses puck.
5:48 of 2nd period - Minor Penalty to Marc-Andre Bergeron for Goalie Interference.
5:49 of 2nd period - Patrick Kane wins face-off versus Brendan Bell in Sharks zone.
6:10 of 2nd period - Shot by Chris Drury.
6:10 of 2nd period - Shot Misses the Net.
6:18 of 2nd period - Shot by Patrick Kane.
6:18 of 2nd period - Deflect By Chris Drury.
6:18 of 2nd period - Stopped by Josh Harding without a rebound.
6:19 of 2nd period - Patrick Sharp wins face-off versus Brendan Bell in Sharks zone.
6:24 of 2nd period - Shot by Karlis Skrastins.
6:24 of 2nd period - Deflect By Patrick Sharp.
6:24 of 2nd period - Stopped by Josh Harding without a rebound.
6:25 of 2nd period - Patrick Sharp wins face-off versus Brendan Bell in Sharks zone.
7:34 of 2nd period - Shot by Patrick Kane.
7:34 of 2nd period - Shot Misses the Net.
7:55 of 2nd period - Minor Penalty to Kurt Sauer for Hooking.
7:56 of 2nd period - Jeremy Colliton wins face-off versus Patrick Sharp in BlackHawks zone.
7:59 of 2nd period - Shot by David Moss.
7:59 of 2nd period - Shot Misses the Net.
8:01 of 2nd period - Shot by Marc-Andre Bergeron.
8:01 of 2nd period - Stopped by Cristobal Huet without a rebound.
8:02 of 2nd period - Kamil Kreps wins face-off versus Patrick Sharp in BlackHawks zone.
8:09 of 2nd period - Shot by David Moss.
8:09 of 2nd period - Stopped by Cristobal Huet without a rebound.
8:10 of 2nd period - Jeremy Colliton wins face-off versus Patrick Sharp in BlackHawks zone.
9:39 of 2nd period - Shot by Alex Tanguay.
9:39 of 2nd period - Stopped by Cristobal Huet with a rebound.
9:41 of 2nd period - Shot by Marc-Andre Bergeron.
9:41 of 2nd period - Shot Misses the Net.
9:54 of 2nd period - Off-side.
9:55 of 2nd period - Kamil Kreps wins face-off versus Kris Draper in neutral zone.
10:09 of 2nd period - Minor Penalty to Kurt Sauer for Boarding.
10:10 of 2nd period - Chris Higgins wins face-off versus Patrick Sharp in BlackHawks zone.
11:12 of 2nd period - Shot by Drew Miller.
11:12 of 2nd period - Shot Blocked by Robert Scuderi.
12:16 of 2nd period - Shot by Alex Tanguay.
12:16 of 2nd period - Stopped by Cristobal Huet without a rebound.
12:17 of 2nd period - David Clarkson wins face-off versus Kris Draper in BlackHawks zone.
12:31 of 2nd period - David Clarkson is hit by Kurt Sauer and loses puck.
13:32 of 2nd period - Shot by Marc-Andre Bergeron.
13:32 of 2nd period - Stopped by Cristobal Huet without a rebound.
13:33 of 2nd period - Chris Higgins wins face-off versus Patrick Sharp in BlackHawks zone.
13:33 of 2nd period - Minor Penalty to Tim Gleason for Hooking.
13:34 of 2nd period - Patrick Sharp wins face-off versus Chris Higgins in BlackHawks zone.
13:53 of 2nd period - Shot by Ed Jovanovski.
13:53 of 2nd period - Stopped by Cristobal Huet without a rebound.
13:54 of 2nd period - Drew Miller wins face-off versus Patrick Sharp in BlackHawks zone.
14:50 of 2nd period - Icing by Mark Stuart.
14:51 of 2nd period - Kamil Kreps wins face-off versus Patrick Sharp in Sharks zone.
15:28 of 2nd period - Shot by Alex Tanguay.
15:28 of 2nd period - Stopped by Cristobal Huet without a rebound.
15:29 of 2nd period - Chris Drury wins face-off versus Jeremy Colliton in BlackHawks zone.
15:37 of 2nd period - Icing by Jeremy Colliton.
15:38 of 2nd period - Blair Betts wins face-off versus Jeremy Colliton in Sharks zone.
15:46 of 2nd period - Icing by Josh Gorges.
15:47 of 2nd period - Kris Draper wins face-off versus Jeremy Colliton in Sharks zone.
16:16 of 2nd period - David Clarkson is hit by Tim Gleason and loses puck.
16:37 of 2nd period - David Clarkson is hit by Travis Moen and loses puck.
16:48 of 2nd period - Adam Foote is hit by David Clarkson and loses puck.
16:58 of 2nd period - Eric Brewer is hit by Travis Moen and loses puck.
17:32 of 2nd period - Mark Giordano is hit by Patrick Sharp and loses puck.
17:56 of 2nd period - Josh Gorges is hit by Antti Miettinen and loses puck.
18:26 of 2nd period - Icing by Kurt Sauer.
18:27 of 2nd period - Kris Draper wins face-off versus Chris Higgins in BlackHawks zone.
18:45 of 2nd period - Kris Draper is hit by Mark Stuart and loses puck.
19:32 of 2nd period - Chris Drury is hit by Mark Stuart and loses puck.
19:57 of 2nd period - Icing by Sami Salo.
19:58 of 2nd period - Jeremy Colliton wins face-off versus Chris Drury in BlackHawks zone.

Period #3

0:01 of 3rd period - Patrick Kane wins face-off versus Jeremy Colliton in neutral zone.
0:10 of 3rd period - Shot by Paul Kariya.
0:10 of 3rd period - Stopped by Josh Harding with a rebound.
0:12 of 3rd period - Shot by Chris Drury.
0:12 of 3rd period - Stopped by Josh Harding without a rebound.
0:13 of 3rd period - Jeremy Colliton wins face-off versus Patrick Sharp in Sharks zone.
0:46 of 3rd period - Shot by Patrick Sharp.
0:46 of 3rd period - Shot Misses the Net.
0:52 of 3rd period - Antti Miettinen is hit by Jeremy Colliton and loses puck.
1:07 of 3rd period - Icing by Mark Giordano.
1:08 of 3rd period - David Moss wins face-off versus Chris Drury in Sharks zone.
1:21 of 3rd period - Shot by Jeremy Roenick.
1:21 of 3rd period - Stopped by Cristobal Huet with a rebound.
1:37 of 3rd period - Shot by Chris Drury.
1:37 of 3rd period - Shot Misses the Net.
1:39 of 3rd period - Shot by Paul Kariya.
1:39 of 3rd period - Stopped by Josh Harding without a rebound.
1:40 of 3rd period - Kris Draper wins face-off versus Kamil Kreps in Sharks zone.
2:10 of 3rd period - Icing by Ed Jovanovski.
2:11 of 3rd period - Blair Betts wins face-off versus Kamil Kreps in Sharks zone.
2:22 of 3rd period - Shot by Josh Bailey.
2:22 of 3rd period - Deflect By Blair Betts.
2:22 of 3rd period - Shot Misses the Net.
2:37 of 3rd period - Icing by Adam Foote.
2:38 of 3rd period - Drew Miller wins face-off versus Blair Betts in BlackHawks zone.
2:58 of 3rd period - David Moss is hit by Adam Foote.
3:24 of 3rd period - Kamil Kreps is hit by Travis Moen.
3:25 of 3rd period - Minor Penalty to Travis Moen for Holding.
3:26 of 3rd period - Kamil Kreps wins face-off versus Patrick Sharp in BlackHawks zone.
4:39 of 3rd period - Icing by Marek Zidlicky.
4:40 of 3rd period - Chris Drury wins face-off versus Jeremy Colliton in Sharks zone.
4:41 of 3rd period - Shot by Paul Kariya.
4:41 of 3rd period - Deflect By Chris Drury.
4:41 of 3rd period - Stopped by Josh Harding without a rebound.
4:42 of 3rd period - Chris Drury wins face-off versus Jeremy Colliton in Sharks zone.
4:52 of 3rd period - Shot by Mark Stuart.
4:52 of 3rd period - Shot Misses the Net.
4:54 of 3rd period - Shot by Marek Zidlicky.
4:54 of 3rd period - Shot Misses the Net.
4:58 of 3rd period - Shot by Marek Zidlicky.
4:58 of 3rd period - Goal by Marek Zidlicky - BlackHawks : 4 - Sharks : 2.
4:59 of 3rd period - Chris Higgins wins face-off versus Kris Draper in neutral zone.
5:14 of 3rd period - Minor Penalty to Mark Giordano for Roughing.
5:15 of 3rd period - Patrick Sharp wins face-off versus Jeremy Colliton in Sharks zone.
5:24 of 3rd period - Shot by Patrick Sharp.
5:24 of 3rd period - Stopped by Josh Harding without a rebound.
5:25 of 3rd period - Kamil Kreps wins face-off versus Patrick Kane in Sharks zone.
5:25 of 3rd period - Kamil Kreps is hit by Paul Kariya.
5:57 of 3rd period - Shot by Patrick Kane.
5:57 of 3rd period - Stopped by Josh Harding without a rebound.
5:58 of 3rd period - Kamil Kreps wins face-off versus Patrick Sharp in Sharks zone.
6:19 of 3rd period - Shot by Patrick Sharp.
6:19 of 3rd period - Shot Blocked by Eric Brewer.
6:23 of 3rd period - Shot by Antti Miettinen.
6:23 of 3rd period - Shot Misses the Net.
6:25 of 3rd period - Shot by Karlis Skrastins.
6:25 of 3rd period - Stopped by Josh Harding without a rebound.
6:26 of 3rd period - Jeremy Colliton wins face-off versus Chris Drury in Sharks zone.
6:35 of 3rd period - Shot by Sami Salo.
6:35 of 3rd period - Stopped by Josh Harding with a rebound.
7:11 of 3rd period - Icing by Patrick Sharp.
7:12 of 3rd period - Kamil Kreps wins face-off versus Patrick Sharp in BlackHawks zone.
7:22 of 3rd period - Drew Miller is hit by Kurt Sauer and loses puck.
7:59 of 3rd period - Icing by Kamil Kreps.
8:00 of 3rd period - Kamil Kreps wins face-off versus Patrick Sharp in Sharks zone.
9:37 of 3rd period - David Moss is hit by Patrick Kane and loses puck.
9:59 of 3rd period - Icing by Marc-Andre Bergeron.
10:00 of 3rd period - David Moss wins face-off versus Wayne Primeau in Sharks zone.
10:00 of 3rd period - David Moss is hit by Kris Draper.
10:13 of 3rd period - Off-side.
10:14 of 3rd period - Ethan Moreau wins face-off versus Jeremy Colliton in neutral zone.
10:14 of 3rd period - Ethan Moreau is hit by David Clarkson.
10:20 of 3rd period - Shot by Robert Scuderi.
10:20 of 3rd period - Deflect By Kris Draper.
10:20 of 3rd period - Shot Blocked by Eric Brewer.
10:30 of 3rd period - Shot by Jeremy Roenick.
10:30 of 3rd period - Stopped by Cristobal Huet without a rebound.
10:31 of 3rd period - Travis Moen wins face-off versus Drew Miller in BlackHawks zone.
10:37 of 3rd period - Jeremy Roenick is hit by Adam Foote and loses puck.
10:54 of 3rd period - Shot by Drew Miller.
10:54 of 3rd period - Shot Blocked by Josh Bailey.
10:56 of 3rd period - Shot by Kamil Kreps.
10:56 of 3rd period - Shot Misses the Net.
10:58 of 3rd period - Shot by Drew Miller.
10:58 of 3rd period - Shot Hit the Post.
11:00 of 3rd period - Shot by Kamil Kreps.
11:00 of 3rd period - Shot Misses the Net.
11:26 of 3rd period - Icing by Antti Miettinen.
11:27 of 3rd period - Brendan Bell wins face-off versus Patrick Sharp in BlackHawks zone.
11:32 of 3rd period - Shot by David Clarkson.
11:32 of 3rd period - Shot Misses the Net.
12:11 of 3rd period - Shot by Wayne Primeau.
12:11 of 3rd period - Stopped by Josh Harding with a rebound.
12:31 of 3rd period - Kris Draper is hit by Ed Jovanovski and loses puck.
12:35 of 3rd period - Icing by Eric Brewer.
12:36 of 3rd period - Chris Drury wins face-off versus Kamil Kreps in Sharks zone.
12:42 of 3rd period - Paul Kariya is hit by Ed Jovanovski and loses puck.
12:49 of 3rd period - Shot by Paul Kariya.
12:49 of 3rd period - Stopped by Josh Harding without a rebound.
12:50 of 3rd period - Drew Miller wins face-off versus Blair Betts in Sharks zone.
13:19 of 3rd period - Shot by Josh Bailey.
13:19 of 3rd period - Stopped by Josh Harding with a rebound.
15:09 of 3rd period - Off-side.
15:10 of 3rd period - Kamil Kreps wins face-off versus Kris Draper in neutral zone.
15:13 of 3rd period - Shot by Marek Zidlicky.
15:13 of 3rd period - Stopped by Cristobal Huet without a rebound.
15:14 of 3rd period - Kamil Kreps wins face-off versus Ethan Moreau in BlackHawks zone.
15:19 of 3rd period - Icing by Kurt Sauer.
15:20 of 3rd period - Kris Draper wins face-off versus Kamil Kreps in BlackHawks zone.
15:38 of 3rd period - Off-side.
15:39 of 3rd period - Kamil Kreps wins face-off versus Patrick Sharp in neutral zone.
15:39 of 3rd period - Kamil Kreps is hit by Antti Miettinen.
15:40 of 3rd period - Minor Penalty to Patrick Sharp for Goalie Interference.
15:41 of 3rd period - Chris Drury wins face-off versus Kamil Kreps in BlackHawks zone.
15:47 of 3rd period - Icing by Jeremy Roenick.
15:48 of 3rd period - Chris Drury wins face-off versus Kamil Kreps in Sharks zone.
17:11 of 3rd period - Shot by Brendan Bell.
17:11 of 3rd period - Shot Blocked by Karlis Skrastins.
17:13 of 3rd period - Shot by Marc-Andre Bergeron.
17:13 of 3rd period - Stopped by Cristobal Huet without a rebound.
17:14 of 3rd period - Kamil Kreps wins face-off versus Antti Miettinen in BlackHawks zone.
17:15 of 3rd period - Shot by David Moss.
17:15 of 3rd period - Stopped by Cristobal Huet without a rebound.
17:16 of 3rd period - Kamil Kreps wins face-off versus Antti Miettinen in BlackHawks zone.
17:17 of 3rd period - Shot by Marek Zidlicky.
17:17 of 3rd period - Shot Misses the Net.
17:19 of 3rd period - Shot by Marek Zidlicky.
17:19 of 3rd period - The goal is going for a video replay.
17:19 of 3rd period - The goal is refused.
17:20 of 3rd period - Chris Drury wins face-off versus Kamil Kreps in BlackHawks zone.
17:52 of 3rd period - Minor Penalty to Jeremy Colliton for Hooking.
17:52 of 3rd period - Minor Penalty to Blair Betts for Roughing.
17:53 of 3rd period - Chris Drury wins face-off versus Kamil Kreps in BlackHawks zone.
18:00 of 3rd period - Shot by Paul Kariya.
18:00 of 3rd period - Shot Misses the Net.
18:04 of 3rd period - Shot by Adam Foote.
18:04 of 3rd period - Stopped by Josh Harding with a rebound.
19:07 of 3rd period - Icing by Karlis Skrastins.
19:08 of 3rd period - Jeremy Roenick wins face-off versus Patrick Sharp in BlackHawks zone.
19:08 of 3rd period - Jeremy Roenick is hit by Tim Gleason.
19:30 of 3rd period - Shot by Patrick Sharp.
19:30 of 3rd period - Shot Misses the Net.
19:33 of 3rd period - Icing by Eric Brewer.
19:34 of 3rd period - Jeremy Roenick wins face-off versus Patrick Sharp in Sharks zone.


Output by the SimonT Hockey Simulator (STHS) for Stephane Roy -- Original Page W3C XHTML 1.0 Valid